 Dungeon Crawl Stone Soup version 0.17.1-1-g73c8601 (webtiles) character file.

294 penguinsfan71 the Grave Robber (level 6, 0/41 HPs)
             Began as a Vampire Necromancer on Dec 19, 2015.
             Was an Initiate of Sif Muna.
             Slain by a centaur zombie (7 damage)
             ... on level 5 of the Dungeon on Dec 20, 2015.
             The game lasted 01:13:25 (8861 turns).

penguinsfan71 the Grave Robber (VpNe)               Turns: 8861, Time: 01:13:25

Health: 0/41       AC:  2    Str:  7    XL:     6   Next: 11%
Magic:  13/14      EV: 13    Int: 19    God:    Sif Muna [......]
Gold:   185        SH:  0    Dex: 15    Spells: 4 memorised, 3 levels left

rFire  + . .     SeeInvis +     i - +3 quarterstaff (chaos)
rCold  + + .     Clarity  .     D - +0 robe {rC+ rF+}
rNeg   + + .     SustAt   .     (shield currently unavailable)
rPois  +         Gourm    .     (no helmet)
rElec  .         Spirit   .     (no cloak)
rCorr  .         Warding  .     (no gloves)
rMut   .         Stasis   .     (no boots)
MR     +....                    (no amulet)
Stlth  +++.......               (no ring)
                                (no ring)

@: regenerating slowly, somewhat resistant to hostile enchantments, fairly
stealthy
A: fangs 3, see invisible, high mp 1, magic resistance 1, unbreathing, subdued
magic 1
a: Bat Form, Renounce Religion


You were on level 5 of the Dungeon.
You worshipped Sif Muna.
Sif Muna was noncommittal.
You were thirsty.

You visited 2 branches of the dungeon, and saw 6 of its levels.

You collected 185 gold pieces.

Inventory:

Hand Weapons
 e - a +0 short sword
 i - a +3 quarterstaff of chaos (weapon)
 l - a +0 club
 m - a +1 mace of draining
 p - a +0 spear
 t - a +0 hunting sling
 u - a +0 hand axe
 y - a +2 dagger of venom
 C - a +1 mace of distortion
Missiles
 d - 185 stones (quivered)
 n - 26 sling bullets
 r - 47 arrows
Armour
 a - a +1 robe
 c - a +0 robe
 o - a +0 cloak
 D - a +0 robe of resistance (worn)
Wands
 v - a wand of confusion (0)
Scrolls
 g - a scroll of amnesia
 z - a scroll of identify
Potions
 f - 2 potions of curing
 j - a potion of invisibility
Books
 b - a book of Necromancy

   Spells                             Type                      Level
   a - Pain                           Necromancy                   1
   b - Animate Skeleton               Necromancy                   1
   c - Vampiric Draining              Necromancy                   3
   d - Regeneration                   Charms/Necromancy            3
   e - Animate Dead                   Necromancy                   4
   f - Control Undead                 Necromancy                   4
Comestibles
 h - a royal jelly
 k - 4 fruits
 B - a slice of pizza


   Skills:
 + Level 2.7 Dodging
 + Level 3.8 Stealth
 * Level 4.9 Spellcasting
 + Level 5.4 Necromancy


You had 3 spell levels left.
You knew the following spells:

 Your Spells              Type           Power        Failure   Level  Hunger
a - Pain                  Necr           ###.         1%          1    None
b - Animate Dead          Necr           N/A          7%          4    ####...
c - Regeneration          Chrm/Necr      ##........   7%          3    ##.....
d - Vampiric Draining     Necr           ###.......   1%          3    ##.....


Dungeon Overview and Level Annotations

Branches:
Dungeon (5/15)             Temple (1/1) D:4

Altars:
Ashenzari
Dithmenos
Elyvilon
Fedhas
Gozag
Kikubaaqudgha
Nemelex Xobeh
Okawaru
Qazlal
Ru
Sif Muna
Vehumet
Xom
Yredelemnul
Zin
The Shining One

Annotations:
D:3 sugabear's ghost, amateur VSGl


Innate Abilities, Weirdness & Mutations

You heal slowly.
You have razor-sharp teeth.
You have supernaturally acute eyesight.
You can survive without breathing.
You have an increased reservoir of magic (+10% MP).
You are resistant to hostile enchantments.
Your spells are a little easier to cast, but a little less powerful.


Message History

It is briefly surrounded by a scintillating aura of random colours.
You feel resistant to extremes of temperature.
You see here a pair of boots.
You open the door.
There is an open door here.
The centaur zombie hits you.
You completely miss the centaur zombie. The centaur zombie closely misses you.
The centaur zombie hits you.
* * * LOW HITPOINT WARNING * * *
You turn into a vampire bat.
Your +3 quarterstaff of chaos melds into your body.
Your +0 robe of resistance melds into your body.
You feel hot and cold all over. The centaur zombie closely misses you.
Your transformation has ended.
Your +3 quarterstaff of chaos unmelds from your body.
Your +0 robe of resistance unmelds from your body.
It is briefly surrounded by a scintillating aura of random colours.
You feel resistant to extremes of temperature.
You open the door. The centaur zombie hits you!
You die...

... ... ...
#.# #.# #.#
##'##
##.@.##
##..Z..##
##.......##
#.........#
+.........+
#.........#
##.......##
##.....##
##...##


You could see a centaur zombie.

Vanquished Creatures
  Crazy Yiuf (D:3)
  An orc wizard (D:3)
  A worker ant (D:4)
  Jessica (D:3)
  Terence (D:3)
  7 adders
  A worm (D:2)
  2 giant geckos
  10 orcs
  A ball python (D:5)
  3 giant cockroaches
  9 goblins
  8 hobgoblins
  3 jackals (D:4)
  5 quokkas
  9 bats
  4 giant newts
  10 kobolds
  7 rats
  A bush (D:4)
  A plant (D:4)
86 creatures vanquished.

Vanquished Creatures (others)
  A necrophage (D:3)
  A worm (D:3)
  A ball python (D:3)
3 creatures vanquished.

Grand Total: 89 creatures vanquished

Notes
Turn   | Place    | Note
--------------------------------------------------------------
     0 | D:1      | penguinsfan71 the Vampire Necromancer began the quest for the Orb.
     0 | D:1      | Reached XP level 1. HP: 13/13 MP: 3/3
   246 | D:1      | Found a glowing golden altar of the Shining One.
   366 | D:1      | Reached XP level 2. HP: 16/19 MP: 5/5
  1021 | D:2      | Reached XP level 3. HP: 24/24 MP: 7/7
  1703 | D:3      | Noticed sugabear's ghost (amateur VSGl)
  1705 | D:3      | Found a radiant altar of Vehumet.
  2072 | D:4      | Reached XP level 4. HP: 10/30 MP: 0/9
  2217 | D:3      | HP: 1/30 [sugabear's ghost (9)]
  2871 | D:4      | Learned a level 4 spell: Animate Dead
  3045 | D:4      | Found a staircase to the Ecumenical Temple.
  3412 | Temple   | Entered the Ecumenical Temple
  3942 | Temple   | Became a worshipper of Sif Muna the Loreminder
  4083 | D:3      | Noticed a necrophage
  4329 | D:3      | Found a sacrificial altar of Ru.
  4459 | D:3      | Reached skill level 5 in Necromancy
  4626 | D:3      | Killed a necrophage
  5410 | D:3      | Noticed Terence
  5418 | D:3      | Killed Terence
  5418 | D:3      | Reached XP level 5. HP: 23/35 MP: 2/10
  5419 | D:3      | Noticed Crazy Yiuf
  5642 | D:3      | Learned a level 3 spell: Regeneration
  5646 | D:3      | Learned a level 3 spell: Vampiric Draining
  5687 | D:3      | Killed Crazy Yiuf
  6225 | D:3      | Noticed Jessica
  6461 | D:3      | Killed Jessica
  7278 | D:3      | Gained mutation: Your spells are a little easier to cast, but a little less powerful. [potion of mutation]
  7278 | D:3      | Gained mutation: You are resistant to hostile enchantments. [potion of mutation]
  7278 | D:3      | Gained mutation: You have an increased reservoir of magic (+10% MP). [potion of mutation]
  7670 | D:4      | Reached XP level 6. HP: 25/41 MP: 6/14
  8727 | D:5      | Entered Level 5 of the Dungeon
  8767 | D:5      | Found a sparkling altar of Nemelex Xobeh.
  8861 | D:5      | Slain by a centaur zombie

Action                   |  1- 3 |  4- 6 || total
-------------------------+-------+-------++-------
Melee: Short sword       |    10 |       ||    10
       Mace              |    50 |    18 ||    68
       Quarterstaff      |       |    61 ||    61
Throw: Stone             |     3 |     2 ||     5
 Cast: Pain              |    45 |   102 ||   147
       Animate Dead      |       |     4 ||     4
 Abil: End Transformatio |     5 |    16 ||    21
       Bat Form          |     5 |    16 ||    21
Evoke: Wand              |     1 |    11 ||    12
  Use: Scroll            |     4 |     2 ||     6
       Potion            |     1 |     7 ||     8
 Stab: Sleeping          |     3 |       ||     3
  Eat: Corpse            |     6 |    12 ||    18
